 Dungeon Crawl Stone Soup version 0.19-a0-36-g4a0968a (webtiles) character file.

4468 M4edhros the Spear-Bearer (level 10, 45/50 HPs)
             Began as a Kobold Chaos Knight on May 4, 2016.
             Starved to death
             ... on level 6 of the Dungeon.
             The game lasted 00:18:21 (38111 turns).

M4edhros the Spear-Bearer (Kobold Chaos Knight)    Turns: 38111, Time: 00:18:22

Health: 45/50      AC: 11    Str: 15      XL:     10   Next: 64%
Magic:  9/9        EV: 10    Int: 10      God:    Xom [.*....]
Gold:   2034       SH:  9    Dex: 16 (17) Spells: 1 memorised, 6 levels left

rFire  + + .     SeeInvis .     a - +0 spear (chaos)
rCold  + . .     Gourm    .     q - +2 leather armour {rF+}
rNeg   . . .     Faith    +     D - +0 shield
rPois  .         Spirit   .     j - +0 helmet
rElec  .         Dismiss  .     (no cloak)
rCorr  .         Reflect  .     (no gloves)
SustAt .         Harm     .     (no boots)
MR     .....     Clarity  +     A - amulet of faith
Stlth  +.........               t - +6 ring of strength
                                r - ring of protection from cold (curse)

@: fainting, heavily drained, not resistant to hostile enchantments, very
unstealthy
A: claws 1, hooves 1, icy blue scales 2, thin metallic scales 1, carnivore 3,
clarity, clumsy 1, fire resistance 1, frail 1, low mp 1, weak 1, evolution 1
a: Renounce Religion


You were on level 6 of the Dungeon.
You worshipped Xom.
You were a plaything of Xom.
You were fainting.

You visited 2 branches of the dungeon, and saw 10 of its levels.

You collected 2034 gold pieces.

Inventory:

Hand Weapons
 a - a +0 spear of chaos (weapon)
 c - a +0 blowgun
 H - a +0 quarterstaff
Missiles
 b - 3 curare-tipped needles
 w - 58 stones
 y - 5 poisoned tomahawks (quivered)
 E - 24 bolts
 F - 8 poisoned needles
Armour
 j - a +0 helmet (worn)
 q - a +2 leather armour of fire resistance (worn)
 D - a +0 shield (worn)
 G - a +0 large shield of protection
Jewellery
 r - a cursed ring of protection from cold (left claw)
 t - a +6 ring of strength (right claw)
 x - an uncursed ring of ice
 A - an amulet of faith (around neck)
Wands
 z - a wand of polymorph (12/24)
 C - a wand of hasting (6/9)
Scrolls
 d - 2 scrolls of fear {unknown}
 e - 2 scrolls of remove curse
 f - a scroll of teleportation
 g - a scroll of fog
 h - 2 scrolls of blinking {unknown}
 n - a scroll of vulnerability {unknown}
 p - 2 scrolls of enchant weapon {unknown}
 s - a scroll of amnesia {unknown}
 u - a scroll of random uselessness {unknown}
 B - a scroll of enchant armour
Potions
 i - a potion of cure mutation
 l - a potion of heal wounds
 m - a potion of flight
 v - 2 potions of brilliance
Books
 k - a book of Battle

   Spells                             Type                      Level
   a - Infusion                       Charms                       1
   b - Shroud of Golubria             Charms/Translocation         2
   c - Song of Slaying                Charms                       2
   d - Spectral Weapon                Hexes/Charms                 3
   e - Regeneration                   Charms/Necromancy            3
Miscellaneous
 o - a box of beasts
 J - a box of beasts


   Skills:
 - Level 3.2(1.8) Fighting
 - Level 11.4(9.6) Polearms
 - Level 0.7(0.0) Armour
 - Level 2.4(0.9) Dodging
 + Level 5.0(3.4) Shields


You had 6 spell levels left.
You knew the following spells:

 Your Spells              Type           Power        Failure   Level  Hunger
a - Regeneration          Chrm/Necr      #.........   100%        3    ####...


Dungeon Overview and Level Annotations

Branches:
Dungeon (9/15)             Temple (1/1) D:7
   Lair: D:8-11         Orc: D:9-12

Altars:
Ashenzari
Cheibriados
Dithmenos
Elyvilon
Fedhas
Gozag
Makhleb
Nemelex Xobeh
Okawaru
Pakellas
Qazlal
Ru
Sif Muna
Trog
Vehumet
Xom
Yredelemnul
Zin
The Shining One

Annotations:
D:4 M4edhros's ghost, amateur KoCK
D:7 1 runed door


Innate Abilities, Weirdness & Mutations

You are small and have problems with some larger weapons.
You are carnivorous and can eat meat at any time.
You have sharp fingernails.
You have large cloven feet.
You are mostly covered in icy blue scales (AC +3, EV -1).
You are partially covered in thin metallic scales (AC +2).
You possess an exceptional clarity of mind.
You are clumsy. (Dex -2)
Your flesh is heat resistant.
You are frail (-10% HP).
Your magical capacity is low (-10% MP).
You are weak. (Str -2)
You evolve.


Message History

You destroy the hungry ghost!
Your base Shields skill increases to level 5!
You lose consciousness!
You can move again.
Found a stone staircase leading up.
There is a stone staircase leading up here.
You climb upwards.
A gnoll comes into view. It is wielding a halberd.
There is a stone staircase leading down here.
The gnoll shouts! x2
You block the gnoll's attack.
You are too hungry to fight recklessly!
You are too hungry to fight recklessly!
The gnoll hits you but does no damage.
You completely miss the gnoll. You hit the gnoll.
The gnoll is moderately wounded.
You have starved to death.
You die...
Xom laughs nastily!

.#.#,*,*,*,*,*,*,,,,,*****#....#.
#.#.*,*,*,*.#,**,...,*,,,,#....#.
.*,*,*,*,*,*.#,*,..,,*,,,,#....#.
*,*,*,*,*,*,*.#*#..,,,,.,,+......
,*,*,*,*+*,*,#.##.####..,,#......
,*<****,,,,**,........,....(#<...
,*,** *,,,,**,#g#...#**####...#..
,,,,* *,,,,,,,#g....##,,,,#####..
,,,,*****,,,,,#.@....+,,,,,,,,...
,,,,,,,,,,,,,,##.....#,,,,**,,...
,*+*,,,,,,,,,,*#.>...#,,,,**,,...
,,,,,,,,,,,,,,,#.#...#**,,,,,,,..
,,,,,,,,,,,,,,,#.#####**,,,,,,,,,
,,,,,,,,,,,,,,,#.# *,,,,,,,,*,,,,
,,,*,,,,,,****,#.#**,,,,,,,,*,,,,
,,,*,,,,,,****+#..,,,,,,,,,,*,,,,
,,,*,,,,,,**,,,...*,,,,,,,,,*,,,,


You could see 2 gnolls.

Vanquished Creatures
  The ghost of M4edhros the Covert, a novice OpAr of Xom (D:7)
  Psyche (D:8)
  A yak (D:8)
  2 hungry ghosts
  A swamp drake (D:4)
  2 ice beasts
  3 necrophages
  A sky beast (D:7)
  A phantom (D:7)
  An orc warrior (D:8)
  3 ogres
  A boggart (D:5)
  2 centaurs
  A centaur (shapeshifter) (D:7)
  3 big kobolds
  5 giant frogs
  A gnoll sergeant (D:8)
  3 scorpions
  A killer bee (D:8)
  2 crimson imps
  2 jellies
  A centaur zombie (D:5)
  A giant frog zombie (D:5)
  2 gnoll shamans (D:7)
  4 hounds
  5 orc wizards
  4 iguanas
  12 worker ants
  2 hound zombies (D:5)
  16 gnolls
  8 adders
  2 shadow imps
  An ooze (D:4)
  An adder skeleton (D:4)
  4 dart slugs
  5 giant geckos
  20 orcs
  4 bats
  5 goblins
  6 hobgoblins
  4 jackals
  19 kobolds
  3 quokkas
  A ball python (D:4)
  A giant gecko skeleton (D:4)
  4 giant newts
  7 rats
180 creatures vanquished.

Vanquished Creatures (collateral kills)
  A gnoll sergeant (D:8)
1 creature vanquished.

Vanquished Creatures (others)
  A scorpion (D:7)
  An orc wizard (D:7)
  5 worker ants (D:7)
  4 giant cockroaches (D:7)
  A hobgoblin (D:2)
  A jackal (D:8)
13 creatures vanquished.

Grand Total: 194 creatures vanquished

Notes
Turn   | Place    | Note
--------------------------------------------------------------
     0 | D:1      | M4edhros the Kobold Chaos Knight began the quest for the Orb.
     0 | D:1      | Reached XP level 1. HP: 14/14 MP: 1/1
   100 | D:1      | Reached XP level 2. HP: 19/19 MP: 2/2
   232 | D:1      | XOM: silly message
   272 | D:1      | Reached skill level 3 in Polearms
   291 | D:1      | XOM: divination: detect creatures
   570 | D:1      | Reached XP level 3. HP: 23/23 MP: 3/3
   613 | D:1      | XOM is BORED!
   613 | D:1      | XOM: mild Tloc miscast
   739 | D:1      | XOM: harmless Tloc miscast
   949 | D:2      | XOM: confuse monster(s)
  1188 | D:2      | Reached XP level 4. HP: 28/28 MP: 4/4
  1294 | D:3      | Reached skill level 4 in Polearms
  1355 | D:3      | Found a faded altar to an unknown god.
  1383 | D:3      | XOM: harmless Chrm miscast
  1585 | D:4      | XOM: blink monster(s)
  1610 | D:4      | XOM: harmless Pois miscast
  1616 | D:4      | XOM: silly message
  1618 | D:4      | XOM: harmless Summ miscast
  1619 | D:4      | Noticed a swamp drake
  1619 | D:4      | an adder changed into a swamp drake
  1623 | D:4      | Killed a swamp drake
  1623 | D:4      | Reached skill level 5 in Polearms
  1623 | D:4      | Reached XP level 5. HP: 27/32 MP: 5/5
  1663 | D:4      | Reached XP level 6. HP: 32/37 MP: 6/6
  1807 | D:4      | Found a white marble altar of Elyvilon.
  1838 | D:4      | XOM: harmless Erth miscast
  1994 | D:4      | Noticed an ogre
  1994 | D:4      | XOM: harmless Trmt miscast
  2002 | D:4      | XOM: divination: magic mapping
  2006 | D:4      | XOM: harmless Tloc miscast
  2016 | D:4      | Killed an ogre
  2016 | D:4      | Reached skill level 6 in Polearms
  2016 | D:4      | Reached XP level 7. HP: 19/41 MP: 7/7
  2297 | D:4      | XOM: 4-stop teleportation journey
  2346 | D:4      | Noticed M4edhros's ghost (amateur KoCK)
  2766 | D:4      | XOM: enchant monster (good)
  3088 | D:4      | XOM: vitrification
  3090 | D:5      | Entered Level 5 of the Dungeon
  3109 | D:5      | XOM: god gift: 1630 gold pieces
  3246 | D:5      | Found an oddly glowing altar of Pakellas.
  3251 | D:5      | Found a bloodstained altar of Trog.
  3251 | D:5      | Found a basalt altar of Yredelemnul.
  3255 | D:5      | Found an opulent altar of Gozag.
  3327 | D:5      | Reached skill level 7 in Polearms
  3433 | D:5      | XOM: vitrification
  3451 | D:5      | XOM: swap monsters
  3467 | D:5      | Reached XP level 8. HP: 43/46 MP: 8/8
  3513 | D:5      | XOM: god gift: 5 poisoned tomahawks
  3554 | D:5      | XOM: vitrification
  3596 | D:5      | XOM: polymorph ice beast -> wolf
  3617 | D:5      | Reached skill level 8 in Polearms
  3726 | D:5      | Found an oddly glowing altar of Pakellas.
  4002 | D:7      | Noticed M4edhros's ghost (novice OpAr)
  4038 | D:6      | XOM: 2-stop teleportation journey
  4269 | D:5      | XOM: give mutations
  4269 | D:5      | Gained mutation: You are partially covered in icy blue scales (AC +1). [Xom's grace]
  4269 | D:5      | Gained mutation: You are agile. (Dex +2) [Xom's grace]
  4439 | D:7      | Found a staircase to the Ecumenical Temple.
  4449 | Temple   | Entered the Ecumenical Temple
  4821 | Temple   | XOM: god gift: runed robe {god gift}
  5008 | Temple   | XOM: vitrification
  5116 | Temple   | XOM: god gift: dented diamond amulet {god gift}
  5546 | Temple   | XOM: mild Summ miscast
  5591 | Temple   | XOM: polymorph something unseen -> shadow imp
  5699 | Temple   | XOM: god gift: 38 gold pieces
  6123 | Temple   | XOM: colour smoke trail
  6621 | Temple   | XOM: 7-stop teleportation journey
  7939 | Temple   | XOM: summons 1 hostile demon
  8157 | Temple   | XOM: medium Ice miscast
  8295 | D:7      | XOM: blink monster(s)
  8309 | D:7      | Reached skill level 9 in Polearms
  8317 | D:7      | XOM: swap monsters
  8324 | D:7      | XOM: potion effect (invisibility)
  8326 | D:7      | XOM: potion effect (invisibility)
  8344 | D:7      | XOM: potion effect (invisibility)
  8347 | D:7      | Reached XP level 9. HP: 21/51 MP: 9/9
  8364 | D:7      | XOM: divination: detect creatures
  8472 | Temple   | XOM: divination: detect creatures
  8685 | Temple   | XOM: divination: magic mapping
  8700 | Temple   | XOM: divination: magic mapping
  8752 | Temple   | XOM: 1-stop teleportation journey
  9955 | Temple   | XOM: cast spell 'Summon Butterflies'
 10184 | Temple   | XOM: give mutations
 10184 | Temple   | Gained mutation: You are mostly covered in icy blue scales (AC +3, EV -1). [Xom's grace]
 10184 | Temple   | Gained mutation: You possess an exceptional clarity of mind. [Xom's grace]
 10770 | Temple   | XOM: 1-stop teleportation journey
 10868 | Temple   | XOM: mild Air miscast
 11231 | Temple   | XOM: medium Ice miscast
 11454 | D:8      | XOM: butterfly on damage
 11489 | D:8      | XOM: potion effect (might)
 11508 | D:8      | XOM: harmless Pois miscast
 11599 | D:8      | Found a stormy altar of Qazlal.
 11605 | D:8      | Found a blossoming altar of Fedhas.
 11662 | D:8      | Learned a level 3 spell: Regeneration
 11685 | D:8      | XOM: enchant monster (good)
 11814 | D:8      | XOM: harmless Hex miscast
 11874 | D:8      | XOM: harmless Divn miscast
 12013 | D:8      | Noticed Psyche
 12016 | D:8      | XOM: noise
 12021 | D:8      | XOM: potion effect (heal wounds)
 12024 | D:8      | XOM: silly message
 12028 | D:8      | Reached skill level 10 in Polearms
 12030 | D:8      | XOM: confuse monster(s)
 12054 | D:8      | Killed Psyche
 12055 | D:8      | XOM: cast spell 'Olgreb's Toxic Radiance'
 12138 | D:8      | XOM: divination: magic mapping
 12542 | D:8      | XOM: swap monsters
 12580 | D:8      | XOM: summons friendly iron imp
 12582 | D:8      | Reached skill level 11 in Polearms
 12582 | D:8      | Reached XP level 10. HP: 56/56 MP: 10/10
 12621 | D:8      | XOM: divination: detect creatures
 12909 | D:7      | Reached skill level 1 in Shields
 12984 | D:7      | XOM: enchant monster (good)
 13015 | D:7      | XOM: summons 5 friendly demons
 13143 | D:7      | XOM: summons friendly iron imp
 13147 | D:7      | XOM: confuse monster(s)
 13159 | D:7      | Killed M4edhros's ghost
 13525 | Temple   | XOM: colour smoke trail
 14127 | Temple   | XOM: noise
 14221 | Temple   | XOM: god gift: 15 stones
 14321 | Temple   | XOM: god gift: crooked iron wand {god gift}
 14401 | Temple   | XOM: vitrification
 14582 | Temple   | XOM: 2-stop teleportation journey
 14605 | Temple   | XOM: give mutation
 14605 | Temple   | Gained mutation: Your mind is acute. (Int +2) [Xom's grace]
 14877 | Temple   | XOM: medium Chrm miscast
 15225 | Temple   | XOM: divination: magic mapping
 15453 | Temple   | XOM: god gift: 13 bolts
 16101 | Temple   | XOM: cast spell 'Statue Form'
 16175 | Temple   | XOM: vitrification
 16296 | Temple   | XOM: 1-stop teleportation journey
 16661 | Temple   | XOM: give mutations
 16661 | Temple   | Gained mutation: You are very agile. (Dex +4) [Xom's grace]
 16661 | Temple   | Gained mutation: Your mind is very acute. (Int +4) [Xom's grace]
 17133 | Temple   | XOM: god gift: 15 royal jellies
 17307 | Temple   | XOM: 2-stop teleportation journey
 17461 | Temple   | XOM: god gift: runed large shield {god gift}
 17475 | Temple   | XOM: give mutations
 17475 | Temple   | Gained mutation: Your flesh is heat resistant. [Xom's grace]
 17475 | Temple   | Gained mutation: You have sharp fingernails. [Xom's grace]
 17475 | Temple   | Gained mutation: You are resistant to electric shocks. [Xom's grace]
 17475 | Temple   | Gained mutation: You evolve. [Xom's grace]
 19036 | Temple   | XOM: harmless Summ miscast
 19046 | Temple   | Lost mutation: You are very agile. (Dex +4) [evolution]
 19162 | Temple   | XOM: divination: detect creatures
 19207 | Temple   | XOM is BORED!
 19837 | Temple   | XOM: colour smoke trail
 20340 | Temple   | XOM: draining
 21028 | Temple   | XOM: 5-stop teleportation journey
 21521 | Temple   | XOM: colour smoke trail
 21814 | Temple   | XOM: mild Chrm miscast
 21908 | Temple   | XOM: mild Tloc miscast
 22341 | Temple   | XOM: summons 1 hostile demon
 22583 | Temple   | XOM: give mutations
 22583 | Temple   | Lost mutation: You are resistant to electric shocks. [Xom's mischief]
 22583 | Temple   | Gained mutation: Scrolls take you a little longer to read. [Xom's mischief]
 22583 | Temple   | Lost mutation: Your mind is very acute. (Int +4) [Xom's mischief]
 22662 | Temple   | XOM: give mutations
 22662 | Temple   | Gained mutation: Scrolls take you longer to read. [Xom's mischief]
 22662 | Temple   | Gained mutation: You have large cloven feet. [Xom's mischief]
 22662 | Temple   | Gained mutation: You are frail (-10% HP). [Xom's mischief]
 22844 | Temple   | XOM: mild Air miscast
 23338 | Temple   | XOM: colour smoke trail
 24402 | Temple   | XOM: 8-stop teleportation journey
 24512 | Temple   | XOM: silly message
 26058 | Temple   | XOM: harmless Chrm miscast
 26122 | Temple   | XOM: god gift: 12 stones
 26974 | Temple   | XOM is BORED!
 26974 | Temple   | XOM: draining
 27840 | Temple   | XOM: summons 5 hostile demons
 27869 | D:7      | XOM: mild Erth miscast
 27873 | D:7      | XOM: colour smoke trail
 28062 | Temple   | XOM: harmless Air miscast
 28124 | Temple   | XOM: severe Air miscast
 28256 | Temple   | XOM: stat loss: -1 Dex (20/21)
 28360 | Temple   | XOM: give mutations
 28360 | Temple   | Lost mutation: Scrolls take you longer to read. [Xom's mischief]
 28360 | Temple   | Gained mutation: Armour fits poorly on your strangely shaped body. [Xom's mischief]
 28360 | Temple   | Lost mutation: Armour fits poorly on your strangely shaped body. [Xom's mischief]
 28956 | Temple   | XOM is BORED!
 28956 | Temple   | XOM: mild Fire miscast
 29602 | Temple   | XOM: 1-stop teleportation journey
 30260 | D:7      | XOM: cast spell 'Statue Form'
 30299 | D:7      | Found a runed door.
 30337 | D:7      | Found a runed door.
 30351 | D:7      | XOM: confuse monster(s)
 30517 | D:7      | XOM: confuse monster(s)
 30840 | D:7      | XOM: confuse monster(s)
 30877 | D:7      | XOM: swap monsters
 30882 | D:7      | XOM: confuse monster(s)
 30958 | D:7      | XOM: scenery: create altars
 30966 | D:7      | XOM: smoke on damage
 31166 | D:7      | XOM: god gift: 5 fruits
 31295 | Temple   | XOM: give mutations
 31295 | Temple   | Gained mutation: You are partially covered in thin metallic scales (AC +2). [Xom's grace]
 31295 | Temple   | Gained mutation: You rapidly evolve. [Xom's grace]
 32709 | Temple   | XOM: give mutations
 32709 | Temple   | Lost mutation: You are agile. (Dex +2) [Xom's mischief]
 32709 | Temple   | Lost mutation: Scrolls take you a little longer to read. [Xom's mischief]
 32709 | Temple   | Gained mutation: You are weak. (Str -2) [Xom's mischief]
 32870 | Temple   | XOM: god gift: quarterstaff {god gift}
 32874 | D:7      | XOM: noise
 32951 | D:7      | XOM: chaos upgrade
 33505 | Temple   | Lost mutation: You rapidly evolve. [evolution]
 33700 | Temple   | XOM: medium Tloc miscast
 33913 | Temple   | XOM: divination: magic mapping
 33927 | Temple   | XOM: god gift: meat ration
 33948 | Temple   | XOM: stat loss: -1 Dex (18/19)
 34005 | Temple   | XOM: 3-stop teleportation journey
 34184 | Temple   | XOM: divination: magic mapping
 34918 | Temple   | XOM: divination: detect items
 35219 | Temple   | XOM: 4-stop teleportation journey
 35421 | Temple   | XOM: god gift: 41 gold pieces
 35489 | Temple   | XOM is BORED!
 35489 | Temple   | XOM: noise
 35666 | Temple   | XOM: mild Summ miscast
 35735 | Temple   | XOM: divination: detect creatures
 35886 | Temple   | XOM: give mutations
 35886 | Temple   | Lost mutation: Your mind is acute. (Int +2) [Xom's mischief]
 36142 | Temple   | XOM: give mutations
 36142 | Temple   | Gained mutation: You are very weak. (Str -4) [Xom's mischief]
 36142 | Temple   | Gained mutation: You are clumsy. (Dex -2) [Xom's mischief]
 36142 | Temple   | Gained mutation: Your magical capacity is low (-10% MP). [Xom's mischief]
 36142 | Temple   | Lost mutation: You are very weak. (Str -4) [Xom's mischief]
 36158 | Temple   | XOM: god gift: box of beasts
 36303 | Temple   | XOM is BORED!
 37009 | Temple   | XOM: 1-stop teleportation journey
 37318 | Temple   | XOM: 9-stop teleportation journey
 37778 | Temple   | XOM: harmless Air miscast
 37896 | Temple   | XOM: harmless Divn miscast
 38085 | D:7      | Reached skill level 5 in Shields
 38090 | D:7      | Paralysed by fainting for 6 turns
 38111 | D:6      | Starved to death

Vault maps used:
D:1:      evilmike_arrival_crescent, serial_forest, infiniplex_forest_zigzag_2,
          infiniplex_forest_straight_1, infiniplex_forest_diagonal,
          infiniplex_forest_straight_2, infiniplex_forest_lined_room_
D:2:      nicolae_ru_path_of_blood
D:3:      ecumenical_altar_1, hex_intersection
D:4:      elyvilon_altar_4, first_bread, minmay_crossroads
D:5:      minitemple, grunt_pakellas_basics
D:7:      lemuel_insect_pit, temple_green
D:8:      kennysheep_blocky_room, grunt_temple_overflow_forces_of_nature,
          uniq_psyche
D:9:      nicolae_overflow_crystal_walls, david_nohive_1, st_stairs_3
Temple:   circular_temple_12

Skill      XL: |  1  2  3  4  5  6  7  8  9 10 |
---------------+-------------------------------+-----
Polearms       | 3 5 6 7 9 11 | 11.4
Shields        | 5 |  5.0
Fighting       | |  3.2
Armour         | |  0.7
Dodging        | |  2.4

Action                   |  1- 3 |  4- 6 |  7- 9 | 10-12 || total
-------------------------+-------+-------+-------+-------++-------
Melee: Spear             |    93 |   141 |   575 |   400 ||  1209
       Kick              |       |       |       |    78 ||    78
  Use: Scroll            |       |     4 |     1 |     2 ||     7
       Potion            |       |     3 |     5 |     5 ||    13
 Stab: Paralysed         |     3 |       |     8 |       ||    11
       Sleeping          |     1 |     1 |     2 |       ||     4
       Confused          |     1 |       |     4 |     7 ||    12
       Petrifying        |       |     3 |    10 |     5 ||    18
       Petrified         |       |     4 |     5 |     3 ||    12
       Invisible         |       |       |     8 |       ||     8
       Distracted        |       |       |     1 |     1 ||     2
  Eat: Chunk             |     9 |     3 |    16 |    24 ||    52
       Pizza             |       |       |     1 |       ||     1
       Meat ration       |       |       |     2 |     3 ||     5
       Beef jerky        |       |       |     1 |       ||     1
       Royal jelly       |       |       |       |    15 ||    15
Armor: Leather armour    |     8 |    36 |    75 |    61 ||   180
       Skin              |       |       |    75 |    16 ||    91
Dodge: Dodged            |    38 |    67 |   241 |    60 ||   406
Block: Shield            |       |       |       |   100 ||   100
